 Dungeon Crawl Stone Soup version 0.18-a0-1575-g920359c (webtiles) character file.

35 Duffy the Conjurer (level 3, 19/19 HPs)
             Began as a Deep Elf Fire Elementalist on Mar 16, 2016.
             Quit the game on level 2 of the Dungeon.
             The game lasted 00:00:50 (590 turns).

Duffy the Conjurer (Deep Elf Fire Elementalist)      Turns: 590, Time: 00:00:50

Health: 19/19      AC:  2    Str:  6    XL:     3   Next: 16%
Magic:  4/9        EV: 13    Int: 19    God:
Gold:   2          SH:  0    Dex: 15    Spells: 1 memorised, 7 levels left

rFire  . . .     SeeInvis .     (no weapon)
rCold  . . .     Gourm    .     a - +0 robe
rNeg   . . .     Faith    .     (no shield)
rPois  .         Spirit   .     (no helmet)
rElec  .         Dismiss  .     (no cloak)
rCorr  .         Reflect  .     (no gloves)
SustAt .         Harm     .     (no boots)
MR     .....                    (no amulet)
Stlth  ++........               (no ring)
                                (no ring)

@: not resistant to hostile enchantments, unstealthy
A: no striking features
a: no special abilities


You were on level 2 of the Dungeon.
You were not hungry.

You visited 1 branch of the dungeon, and saw 2 of its levels.

You collected 2 gold pieces.


   Skills:
 - Level 2.4 Dodging
 - Level 2.4 Stealth
 - Level 3.0 Spellcasting
 + Level 3.4 Conjurations
 - Level 3.2 Fire Magic


You had 7 spell levels left.
You knew the following spells:

 Your Spells              Type           Power        Failure   Level  Hunger
a - Flame Tongue          Conj/Fire      ###..        4%          1    None

Inventory:

Armour
 a - a +0 robe (worn)
Scrolls
 e - 3 scrolls of noise {unknown}
 i - a scroll of remove curse {unknown}
Potions
 h - a potion of agility {unknown}
 j - a potion of might {unknown}
Books
 b - a book of Flames
Comestibles
 c - a bread ration
 d - a meat ration
 f - a beef jerky
 g - a slice of pizza

Dungeon Overview and Level Annotations

Branches:
Dungeon (2/15)

Altars:


Message History

An adder comes into view.
An adder is nearby!
Cast which spell? (? or * to list)
You can't see any susceptible monsters within range! (Use Z to cast anyway.) Cast which spell? (? or * to list)
You can't see any susceptible monsters within range! (Use Z to cast anyway.)
You see here 12 gold pieces.
Cast which spell? (? or * to list)
You can't see any susceptible monsters within range! (Use Z to cast anyway.) Cast which spell? (? or * to list)
You can't see any susceptible monsters within range! (Use Z to cast anyway.) Cast which spell? (? or * to list)
You can't see any susceptible monsters within range! (Use Z to cast anyway.) Cast which spell? (? or * to list)
You can't see any susceptible monsters within range! (Use Z to cast anyway.) Cast which spell? (? or * to list)
You can't see any susceptible monsters within range! (Use Z to cast anyway.) Cast which spell? (? or * to list)
Aiming: Flame Tongue
Press: ? - help, Shift-Dir - straight line, f - adder
Aim: an adder The flame tongue hits the adder.
The adder is severely wounded.
The adder misses you.
Cast which spell? (? or * to list)
Aiming: Flame Tongue
Press: ? - help, Shift-Dir - straight line, f/p - adder
Aim: an adder (severely wounded)
The flame tongue hits the adder.
You kill the adder!
You have reached level 3!
Your experience leads to an increase in your attributes!
Increase (S)trength, (I)ntelligence, or (D)exterity?
You feel stronger.
Are you sure you want to abandon this character and quit the game? (Confirm with "yes".)

### ..# #.# # ## #)#
.### #.#. #.####....
#.#.###.#.......
#.#.....$..# .
.$##......%#..##.#..#
#.....%......@%......
#.####.....#..#.##..# ..
#.##$##...... # # #.
#..............
...#.#.##.#######...####
..........# ...#
.........## ...#
#######+..# ...# #..# ..


There were no monsters in sight!

Action                   || total
-------------------------++-------
 Cast: Flame Tongue      ||    35

Notes
Turn   | Place    | Note
--------------------------------------------------------------
     0 | D:1      | Duffy the Deep Elf Fire Elementalist began the quest for the Orb.
     0 | D:1      | Reached XP level 1. HP: 10/10 MP: 6/6
    82 | D:1      | Reached skill level 2 in Conjurations
   222 | D:1      | Reached XP level 2. HP: 15/15 MP: 5/8
   496 | D:2      | Reached skill level 3 in Conjurations
   589 | D:2      | Reached XP level 3. HP: 19/19 MP: 3/9
   590 | D:2      | Quit the game

Vault maps used:
D:1:      minmay_arrival_stone_box, minmay_misc_feat_hallway,
          hangedman_feature_mirror
D:2:      minivault_11, uniq_iyjb

Vanquished Creatures
  2 adders
  A dart slug
  3 bats
  2 giant cockroaches
  3 goblins
  A hobgoblin
  2 kobolds
  A giant newt
  A rat
16 creatures vanquished.
